 Dungeon Crawl Stone Soup version 0.29.1-12-g30fa7ad0bf (webtiles) character file.

Game seed: 8419097983114891389

226 hawla the Firebug (level 6, -7/46 HPs)
             Began as a Meteoran Fire Elementalist on Dec 28, 2022.
             Mangled by Edmund
             ... wielding a +2 dire flail of venom
              (13 damage)
             ... on level 4 of the Dungeon.
             The game lasted 00:04:14 (740 turns).

hawla the Firebug (Meteoran Fire Elementalist)       Turns: 740, Time: 00:04:15

Health: -7/46      AC:  2    Str: 11    XL:     6   Next: 46%
Magic:  12/14      EV: 13    Int: 18    God:
Gold:   29         SH:  0    Dex: 14    Spells: 8/15 levels left

rFire   . . .      SeeInvis .   (no weapon)
rCold   . . .      Faith    .   (no shield)
rNeg    . . .      Spirit   .   a - +0 robe
rPois   .          Reflect  .   (no helmet)
rElec   .          Harm     .   (no cloak)
rCorr   .          Rampage  .   (no gloves)
Will    .....                   (no boots)
Stlth   +.........              c - amulet of the acrobat
HPRegen 0.15/turn               d - ring of wizardry
MPRegen 0.14/turn               g - ring of flight

@: lethally poisoned (-7 -> -36), flying, glowing
A: sense surroundings 1, otherworldly, glowing, explore regen
a: no special abilities


You were on level 4 of the Dungeon.
You visited 1 branch of the dungeon, and saw 4 of its levels.

You collected 29 gold pieces.

Inventory:

Armour
 a - a +0 robe (worn)
Jewellery
 c - an amulet of the acrobat (around neck)
 d - a ring of wizardry (left hand)
 g - a ring of flight (right hand)
Scrolls
 e - 2 scrolls of blinking {unknown}
 h - a scroll of magic mapping {unknown}
 j - a scroll of amnesia {unknown}
 k - a scroll of identify {unknown}
Potions
 i - a potion of might {unknown}


   Skills:
 + Level 0.4 Fighting
 + Level 3.2 Dodging
 - Level 1.4 Stealth
 + Level 5.0 Spellcasting
 + Level 2.2 Conjurations
 + Level 5.6 Fire Magic


You had 8 spell levels left.
You knew the following spells:

 Your Spells              Type           Power      Damage    Failure   Level
a - Foxfire               Conj/Fire      72%        2x1d7     1%          1
b - Scorch                Fire           48%        2d7       1%          2
c - Flame Wave            Conj/Fire      18%        2d7       11%         4

Your spell library contained the following spells:

 Spells                   Type           Power      Damage    Failure   Level
 Conjure Flame            Conj/Fire      18%        6-21      3%          3
 Inner Flame              Hex/Fire       14%        N/A       4%          3
 Ensorcelled Hibernation  Hex/Ice        8%         N/A       9%          2
 Spider Form              Tmut/Pois      4%         N/A       16%         3
 Anguish                  Hex/Necr       2%         N/A       45%         4


Dungeon Overview and Level Annotations

Branches:
Dungeon (4/15) Zot: 1659
 Temple: D:4-7

Altars:
Wu Jian

Shops:
D:2 *

Annotations:
D:4 Edmund, Robin


Innate Abilities, Weirdness & Mutations

You passively map a small area around you.
You are easily found by Zot.
You glow in the dark.
You regain HP and MP as you explore.


Message History

Casting: Scorch (safe; 1% risk of failure)
Confirm with . or Enter, or press ? or * to list all spells.
Flames lash Edmund.
Edmund is moderately wounded.
You feel very sick.
Edmund hits you with a +2 dire flail of venom!
Casting: Scorch (safe; 1% risk of failure)
Confirm with . or Enter, or press ? or * to list all spells.
Flames lash Edmund but do no damage.
You feel sick.
Edmund hits you with a +2 dire flail of venom.
Casting: Scorch (safe; 1% risk of failure)
Confirm with . or Enter, or press ? or * to list all spells.
Flames lash Edmund.
Edmund is moderately wounded.
You feel sick.
Edmund hits you with a +2 dire flail of venom.
* * * LOW HITPOINT WARNING * * *
You are lethally poisoned!
It was a potion of heal wounds.
You feel much better.
You feel very sick. Edmund barely misses you. Magic courses through your body.
You feel very sick.
Edmund hits you with a +2 dire flail of venom!
You are lethally poisoned!
Casting: Scorch (safe; 1% risk of failure)
Confirm with . or Enter, or press ? or * to list all spells.
Flames lash Edmund.
Edmund is severely wounded.
You feel extremely sick.
Edmund hits you with a +2 dire flail of venom.
* * * LOW HITPOINT WARNING * * *
You are more poisoned.
Casting: Scorch (safe; 1% risk of failure)
Confirm with . or Enter, or press ? or * to list all spells.
You conjure some foxfire!
* * * LOW HITPOINT WARNING * * *
You feel extremely sick.
Edmund hits you with a +2 dire flail of venom!
You die...

*..... ###...##
#####......# ##
##..#.......## #.#
#............## *..##
#........#...# #...###
##............###......#
................#@....#
#........†......@v....#
#...............v......#
~
..<..†........####...###
~ .............##,**...#
+ ..............# ..# ~
......#+#......., ....*
.#....+_+....... ...# ~
~ .#....# #....... ...#
* * .......


You could see Edmund (resistant, combustible, ally target).

Vanquished Creatures
  A water moccasin (D:3)
  4 gnolls
  3 adders
  3 dart slugs
  A worm (D:3)
  4 endoplasms
  A giant cockroach (D:4)
  13 goblins
  2 hobgoblins
  3 jackals (D:1)
  2 quokkas (D:2)
  4 ball pythons
  A frilled lizard (D:1)
  3 kobolds
45 creatures vanquished.

Vanquished Creatures (others)
  91 foxfires
91 creatures vanquished.

Grand Total: 136 creatures vanquished

Notes
Turn   | Place    | Note
-------+----------+-------------------------------------------
     0 | D:1      | hawla the Meteoran Fire Elementalist began the quest for
                  | the Orb.
     0 | D:1      | Reached XP level 1. HP: 14/14 MP: 5/5
    48 | D:1      | Reached XP level 2. HP: 20/20 MP: 0/6
   105 | D:1      | Learned a level 2 spell: Scorch
   136 | D:2      | Reached XP level 3. HP: 26/26 MP: 0/8
   151 | D:2      | Found Ronuam's General Store.
   353 | D:2      | Found a faded altar of an unknown god.
   382 | D:3      | Reached XP level 4. HP: 15/33 MP: 6/10
   616 | D:2      | Reached XP level 5. HP: 38/38 MP: 6/12
   644 | D:3      | Noticed a water moccasin
   651 | D:3      | Killed a water moccasin
   652 | D:3      | Reached skill level 5 in Fire Magic
   652 | D:3      | Reached XP level 6. HP: 44/46 MP: 4/14
   657 | D:3      | Learned a level 4 spell: Flame Wave
   684 | D:3      | Found an ornate altar of the Wu Jian Council.
   690 | D:4      | Noticed Robin
   704 | D:3      | Reached skill level 5 in Spellcasting
   730 | D:4      | Noticed Edmund
   740 | D:4      | Mangled by Edmund

Illustrated notes

Levels and vault maps discovered:
D:1:      zelgadis_glass_arrival_small, layout_loops_cross
D:2:      layout_loops_ring, serial_shops, shop,
          ebering_ecumenical_altar_sacrificial
D:3:      layout_rooms, mainiacjoe_overflow_boulevard
D:4:      layout_cave_pools, kennysheep_mini_moat, temple_hall_moat,
          serial_shops, shop, uniq_robin, uniq_edmund

Skill      XL: |  1  2  3  4  5  6 |
---------------+-------------------+-----
Fire Magic     | 4 5 |  5.6
Spellcasting   | 3 4 5 |  5.0
Dodging        | 3 |  3.2
Conjurations   | 2 |  2.2
Fighting       | |  0.4
Stealth        | |  1.4

Action                   |  1- 3 |  4- 6 || total
-------------------------+-------+-------++-------
Melee: Unarmed           |     5 |     1 ||     6
 Cast: Foxfire           |    28 |    27 ||    55
       Scorch            |     6 |    21 ||    27
  Use: Potion            |       |     2 ||     2
Armor: Robe              |     6 |     3 ||     9
Dodge: Dodged            |    16 |    18 ||    34
